 Dungeon Crawl Stone Soup version 0.24.0-13-gcf9b3192b9 (webtiles) character file.

Game seed: 2663259055192435104, levelgen mode: deterministic

1318 Midas the Covert (level 8, -5/58 HPs)
             Began as an Octopode Hunter on Nov 10, 2019.
             Was an Initiate of Sif Muna.
             Slain by a sky beast (6 damage)
             ... on level 5 of the Dungeon.
             The game lasted 00:09:21 (6028 turns).

Midas the Covert (Octopode Hunter)                  Turns: 6028, Time: 00:09:22

Health: -5/58      AC:  1    Str: 16    XL:     8   Next: 59%
Magic:  8/8        EV: 13    Int: 16    God:    Sif Muna [......]
Gold:   224        SH:  5    Dex: 12    Spells: 2/7 levels left

rFire    . . .     SeeInvis .   i - +1 dagger (elec)
rCold    . . .     Gourm    .   v - +0 buckler
rNeg     . . .     Faith    .   (helmet restricted)
rPois    .         Spirit   .   (no amulet)
rElec    .         Reflect  .   (no ring)
rCorr    .         Harm     .   (no ring)
MR       .....                  (no ring)
Stlth    +++++.....             (no ring)
HPRegen  0.19/turn              (no ring)
MPRegen  0.11/turn              (no ring)
                                (no ring)
                                (no ring)

@: mighty
A: almost no armour, stealthy swim, amphibious, 8 rings, constrict 8, camouflage
1, gelatinous body 1
a: Renounce Religion


You were on level 5 of the Dungeon.
You worshipped Sif Muna.
Sif Muna was noncommittal.
You were hungry.

You visited 1 branch of the dungeon, and saw 5 of its levels.

You collected 224 gold pieces.

Inventory:

Hand Weapons
 a - a +1 hand crossbow
 b - a +0 short sword
 i - a +1 dagger of electrocution (weapon)
 x - a +0 trident
Missiles
 c - 76 bolts
 e - 108 stones
 l - 27 poisoned darts (quivered)
 u - a throwing net
Armour
 v - a +0 buckler (worn)
Jewellery
 s - an uncursed ring of resist corrosion {unknown}
 y - an uncursed amulet of magic regeneration {unknown}
Scrolls
 f - 4 scrolls of identify {unknown}
 g - 2 scrolls of amnesia {unknown}
 m - 4 scrolls of remove curse {unknown}
 n - 4 scrolls of teleportation {unknown}
 o - 2 scrolls of magic mapping {unknown}
 q - 2 scrolls of enchant weapon {unknown}
 t - a scroll of fear {unknown}
 z - a scroll of noise {unknown}
Potions
 h - a potion of might
 j - 2 potions of lignification {unknown}
 k - a potion of invisibility {unknown}
 p - 2 potions of degeneration {unknown}
 r - 2 potions of curing {unknown}
 w - a potion of haste {unknown}
Comestibles
 d - 11 rations


   Skills:
 + Level 6.8 Fighting
 - Level 4.0 Crossbows
 - Level 2.0 Dodging
 + Level 9.4 Stealth
 - Level 4.0 Shields


You had 2 spell levels left.
You knew the following spells:

 Your Spells              Type           Power        Failure   Level  Hunger
a - Call Imp              Summ           #.......     36%         2    ###....
b - Mephitic Cloud        Conj/Pois/Air  #.......     58%         3    ####...

Your spell library contained the following spells:

 Spells                   Type           Power        Failure   Level  Hunger
 Magic Dart               Conj           #...         26%         1    ##.....
 Blink                    Tloc           N/A          36%         2    ###....
 Slow                     Hex            #.......     36%         2    ###....
 Conjure Flame            Conj/Fire      #.......     58%         3    ####...


Dungeon Overview and Level Annotations

Branches:
Dungeon (5/15)
 Temple: D:4-7

Altars:
Ashenzari
Fedhas
Kikubaaqudgha
Sif Muna
Uskayaw
Vehumet
The Shining One


Innate Abilities, Weirdness & Mutations

You cannot wear most types of armour.
You are very stealthy in the water. (Stealth+)
You are amphibious.
You can wear up to eight rings at the same time.
You can use your tentacles to constrict eight enemies at once.
Your skin changes colour to match your surroundings (Stealth+).
Your rubbery body absorbs attacks. (AC +1, EV +1)


Message History

Unknown command.
Okay, then.
The sky beast flickers out of sight!
Deactivating autopickup; reactivate with Ctrl-A.
A sky beast appears from thin air!
Reactivating autopickup.
The sky beast flickers out of sight!
Deactivating autopickup; reactivate with Ctrl-A.
It was a potion of might.
You feel very mighty all of a sudden.
A sky beast appears from thin air!
Reactivating autopickup.
You completely miss the sky beast.
The sky beast is almost dead.
The sky beast flickers out of sight!
Deactivating autopickup; reactivate with Ctrl-A.
Something hits you.
* * * LOW HITPOINT WARNING * * *
Something shocks you.
You die...

...........#............##
.........................#
###.####.#.#..###.##.##.##
#.# #.#.#..# #.##.##.# #.#
#.#.#..# #.##.##.# #.#
#.#.#..# #.......#
##.####.#.#..# #..#.####
#....##.#.#..###{.#.#
###...#####.....@..#.#
..##.##...##..###..#.#
.8.#.#.8.8.#..###..#.#
_..#.#.._..#.........#
...#.#...8.#..###..#.#
..'#.#'...##.........#
###...#####..........#
....⌠.........###..###
###...#####...# #..#


There were no monsters in sight!

Vanquished Creatures
  Pikel (D:4)
  2 slaves (D:5)
  A phantom (D:5)
  A scorpion (D:5)
  4 crimson imps (D:5)
  4 hounds
  An orc priest (D:5)
  An orc wizard (D:4)
  3 centaur skeletons
  A bullfrog skeleton (D:5)
  An iguana (D:3)
  2 worker ants
  2 hound skeletons
  A worker ant zombie (D:5)
  6 gnolls
  5 adders
  An ooze (D:1)
  3 worms
  2 dart slugs (D:1)
  A leopard gecko (D:2)
  10 orcs
  12 bats
  6 giant cockroaches
  6 goblins
  6 hobgoblins
  3 jackals (D:1)
  2 quokkas
  A ball python (D:3)
  4 frilled lizards
  7 kobolds
  4 rats
104 creatures vanquished.

Vanquished Creatures (others)
  A worker ant zombie (D:5)
1 creature vanquished.

Grand Total: 105 creatures vanquished

Notes
Turn   | Place    | Note
-------+----------+-------------------------------------------
     0 | D:1      | Midas the Octopode Hunter began the quest for the Orb.
     0 | D:1      | Reached XP level 1. HP: 14/14 MP: 1/1
   177 | D:1      | Reached skill level 2 in Stealth
   299 | D:1      | Reached XP level 2. HP: 20/20 MP: 2/2
   371 | D:1      | Reached skill level 3 in Stealth
   504 | D:1      | Reached XP level 3. HP: 23/25 MP: 3/3
  1454 | D:2      | Reached skill level 4 in Stealth
  1454 | D:2      | Reached XP level 4. HP: 31/31 MP: 4/4
  1483 | D:2      | Found a shattered altar of Ashenzari.
  1685 | D:2      | Found a hide-covered altar of Uskayaw.
  1685 | D:2      | Found a glowing golden altar of the Shining One.
  1735 | D:2      | Found a blossoming altar of Fedhas.
  2246 | D:3      | Reached skill level 5 in Stealth
  2246 | D:3      | Reached XP level 5. HP: 36/37 MP: 5/5
  3857 | D:4      | Reached XP level 6. HP: 33/44 MP: 6/6
  3861 | D:4      | Reached skill level 1 in Shields
  4086 | D:4      | Reached skill level 6 in Stealth
  4817 | D:4      | Found a shattered altar of Ashenzari.
  4883 | D:5      | Entered Level 5 of the Dungeon
  4890 | D:5      | Noticed a slave
  4893 | D:5      | Noticed a slave
  4906 | D:5      | Killed a slave
  4908 | D:5      | Noticed a slave
  4909 | D:5      | Noticed a slave
  4925 | D:5      | Killed a slave
  4972 | D:5      | Noticed Pikel
  4989 | D:5      | Reached skill level 5 in Fighting
  4989 | D:5      | Reached XP level 7. HP: 45/50 MP: 7/7
  5020 | D:4      | Killed Pikel
  5020 | D:4      | Reached skill level 8 in Stealth
  5020 | D:4      | Reached XP level 8. HP: 27/57 MP: 8/8
  5698 | D:5      | Reached skill level 9 in Stealth
  5787 | D:5      | Found a shimmering blue altar of Sif Muna.
  5787 | D:5      | Found an ancient bone altar of Kikubaaqudgha.
  5787 | D:5      | Found a radiant altar of Vehumet.
  5789 | D:5      | Found a blossoming altar of Fedhas.
  5900 | D:5      | Became a worshipper of Sif Muna the Loreminder
  5904 | D:5      | Learned a level 2 spell: Call Imp
  5908 | D:5      | Learned a level 3 spell: Mephitic Cloud
  6008 | D:5      | HP: 2/58 [sky beast (6)]
  6028 | D:5      | HP: 1/58 [something (5)]
  6028 | D:5      | Slain by a sky beast

Levels and vault maps discovered:
D:1:      wander_arrival_estate, layout_basic
D:2:      layout_rooms, gammafunk_temple_overflow_wave, kennysheep_flooded_box,
          fedhas_ov_isle_minmay
D:3:      layout_basic
D:4:      layout_gridville, kennysheep_mini_moat
D:5:      minmay_angry_zag, layout_basic, grunt_temple_overflow_cloverleaf,
          first_ration, uniq_pikel

Skill      XL: |  1  2  3  4  5  6  7  8 |
---------------+-------------------------+-----
Stealth        | 2 3 4 5 6 8 9 |  9.4
Fighting       | 3 4 5 6 |  6.8
Shields        | 2 3 4 |  4.0
Crossbows      | |  4.0
Dodging        | |  2.0

Action                   |  1- 3 |  4- 6 |  7- 9 || total
-------------------------+-------+-------+-------++-------
Melee: Short sword       |    40 |       |       ||    40
       Constrict         |    18 |    23 |    11 ||    52
       Tentacles         |    10 |    21 |    10 ||    41
       Dagger            |    19 |   127 |    72 ||   218
Throw: Dart              |       |     2 |     5 ||     7
  Use: Potion            |       |       |     1 ||     1
 Stab: Sleeping          |    14 |    10 |     5 ||    29
       Distracted        |     1 |       |     1 ||     2
  Eat: Chunk             |     2 |     8 |     2 ||    12
       Ration            |       |     1 |       ||     1
Armor: Skin              |    10 |     7 |     3 ||    20
Dodge: Dodged            |    46 |    69 |    24 ||   139
Block: Buckler           |       |     8 |    13 ||    21
